Description

This build uses Hellions and Banshees. These units threaten to kill Probes and have the potential to bluff the opponent you are going for mech.

VOD

https://youtu.be/JhY5jM4hXss?t=3921

Replay - ShoWTimE v Special: Game 4 - Automaton LE

Build Order

Get SALT Encoding   

  12  0:00  SCV  
  13  0:12  SCV  
  14  0:17  Supply Depot  
  14  0:24  SCV  
  15  0:28  Refinery  
  15  0:39  SCV  
  16  0:45  Barracks  
  16  0:51  SCV  
  17  1:03  SCV  
  18  1:15  SCV  
  19  1:33  Orbital Command, Reaper  
  20  1:47  Command Center  
  20  1:58  Factory  
  20  2:02  SCV  
  20  2:07  Barracks Reactor  
  21  2:14  SCV  
  22  2:18  Supply Depot  
  22  2:22  Refinery  
  22  2:26  SCV  
  24  2:46  Starport  
  24  2:48  Hellion x2  
  28  2:55  Barracks Tech Lab  
  29  2:59  Orbital Command  
  30  3:10  Hellion x2  
  36  3:29  Cloaking Field  
  36  3:33  Banshee  
  40  3:40  Factory Tech Lab  
  42  3:42  Marine x2  
  42  3:46  Supply Depot  
  46  4:08  Cyclone  
  51  4:10  Marine x2  
  53  4:19  Supply Depot  
  53  4:28  Marine x2  
  54  4:40  Banshee  
  54  4:43  Cyclone  
  58  4:45  Marine  
  58  4:47  Supply Depot  
  61  4:58  Marine  
  62  5:05  Barracks x2  
  62  5:09  Marine  
  62  5:11  Bunker  
  65  5:15  Siege Tank  
  65  5:16  Marine  
  65  5:19  Engineering Bay  
  69  5:30  Starport Reactor, Refinery  
  70  5:46  Terran Infantry Weapons Level 1  
  74  5:50  Missile Turret x2  
  74  5:59  Factory Reactor, Stimpack  
  74  6:02  Combat Shield  
  78  6:07  Refinery  
  80  6:17  Marauder x2  
  84  6:28  Medivac  
  87  6:35  Medivac  
  88  6:42  Command Center  
  94  6:47  Widow Mine x2  
  94  6:55  Marauder x2  
  99  7:08  Widow Mine x2  
  99  7:18  Barracks x2, Marauder x2  
  99  7:22  Medivac x2  
  113  7:30  Widow Mine  
  114  7:40  Widow Mine, Marauder x2  
  114  7:42  Terran Infantry Armor Level 1  
  120  7:47  Liberator  
  120  7:51  Widow Mine  
  124  7:54  Orbital Command  
  126  8:00  Concussive Shells  
  126  8:03  Widow Mine  
  131  8:12  Widow Mine, Barracks Tech Lab  
  135  8:13  Barracks Reactor  
  135  8:14  Marauder x2  
  135  8:16  Orbital Command  
  141  8:22  Liberator  
  141  8:33  Widow Mine  
  154  8:42  Liberator  
  137  9:21  Liberator x2  
Spawning Tool Build Advisor. Get it on Overwolf

Analysis

Defying conventional knowledge, Mech is on the rise in the match up against Protoss in the pro scene. The current mech in TvP either focuses on Cyclone or Banshee in the mid game. You can read more about the new mech in TvP in this article.

Hence, Protoss players put extra effort in determining the composition Terran players want to use in each game. This build utilises Protoss' scouting to sell that Terran is going for mech, but it later transitions to a bio composition.

It is rare to see Hellions and Banshees in the early game of TvP. These units automatically plant a seed in Protoss' mind that this is likely to be mech. You can read more about other details as to how this build aims to deceive Protoss in TerranCraft's May 2019 Metagame Build Orders article.

Go to:

Details

Become a Patron
  • Created by: Maxilicious  
  • Published on: May 26, 2019
  • Patch: 4.7.1
Show
View Real Time Build Order
Export as new Build Order

Comments (0)

There are no comments. Be the first!

Create an account to comment!